 Dungeon Crawl Stone Soup version 0.30-a0-870-gc5d4c5acee (webtiles) character file.

Game seed: 10539020324015748787

49 cheesebisquit the Digger (level 3, -1/19 HPs)
             Began as a Gargoyle Earth Elementalist on Mar 12, 2023.
             Killed from afar by Terence (15 damage)
             ... with a bolt of light
             ... on level 3 of the Dungeon.
             The game lasted 00:05:08 (2644 turns).

cheesebisquit the Digger (GrEE)                     Turns: 2644, Time: 00:05:08

Health: -1/19      AC:  5    Str: 11    XL:     3   Next: 75%
Magic:  0/6        EV: 11    Int: 17    God:
Gold:   135        SH:  0    Dex: 10    Spells: 5/6 levels left

rFire   + . .      SeeInvis .    q - +0 flail
rCold   . . .      Faith    .    (no shield)
rNeg    + . .      Spirit   .    a - +0 robe
rPois   ∞          Reflect  .    (no helmet)
rElec   +          Rampage  .    (no cloak)
rCorr   .                        (no gloves)
Will    .....                    (no boots)
Stlth   +                        (no amulet)
HPRegen 0.23/turn                j - ring of protection from fire
MPRegen 0.10/turn                (no ring)

@: confused
A: sickness immunity, AC +3, negative energy resistance 1, electricity
resistance, torment resistance 1, petrification resistance
a: no special abilities


You were on level 3 of the Dungeon.
You visited 1 branch of the dungeon, and saw 3 of its levels.

You collected 135 gold pieces.

Inventory:

Hand Weapons
 q - a +0 flail (weapon)
Missiles
 o - 5 javelins
Armour
 a - a +0 robe (worn)
Jewellery
 j - a ring of protection from fire (left hand)
Scrolls
 d - 2 scrolls of poison {unknown}
 e - 3 scrolls of identify {unknown}
 f - a scroll of blinking {unknown}
 g - a scroll of teleportation {unknown}
 i - a scroll of immolation {unknown}
 l - a scroll of summoning {unknown}
 m - a scroll of magic mapping {unknown}
Potions
 b - a potion of magic
 h - a potion of cancellation {unknown}
 k - 4 potions of curing {unknown}
 n - 2 potions of heal wounds {unknown}
 p - 2 potions of invisibility {unknown}


   Skills:
 - Level 1.5 Dodging
 - Level 2.1 Stealth
 - Level 2.0 Spellcasting
 - Level 0.7 Transmutations
 + Level 5.5 Earth Magic


You had 5 spell levels left.
You knew the following spells:

 Your Spells              Type           Power      Damage    Failure   Level
a - Sandblast             Erth           40%        2d10      1%          1

Your spell library contained the following spells:

 Spells                   Type           Power      Damage    Failure   Level
 Passwall                 Tmut/Erth      10%        N/A       9%          2
 Stone Arrow              Conj/Erth      22%        3d8       19%         3
 Petrify                  Tmut/Erth      12%        N/A       47%         4
 Ozocubu's Armour         Ice            1%         N/A       50%         3
 Vhi's Electric Charge    Tloc/Air       2%         N/A       50%         3
 Arcjolt                  Conj/Air       0%         1d10      99%         5
 Metabolic Englaciation   Hex/Ice        0%         N/A       99%         5
 Simulacrum               Ice/Necr       0%         N/A       100%        6
 Maxwell's Capacitive Co  Air            0%         ∞         100%        8


Dungeon Overview and Level Annotations

Branches:
Dungeon (3/15)

Altars:
Zin

Annotations:
D:3 Terence


Innate Abilities, Weirdness & Mutations

You are immune to sickness and miasma.
Your stone body is resilient. (AC +3)
You are immune to poison.
You resist negative energy. (rN+)
You are resistant to electric shocks. (rElec)
You are resistant to unholy torment.
You are immune to petrification.


Message History

Found 6 stones.
A quokka comes into view.
The blast of sand hits the quokka!
You kill the quokka!
A bat comes into view.
The blast of sand hits the bat!
You kill the bat!
Found 4 stones.
Terence the Incautious comes into view.
He is wielding a +0 mace and carrying a wand of light (5).
Okay, then.
Terence shouts!
You hear a shout!
You can't see any susceptible monsters within range! (Use Z to cast anyway.)
You throw a javelin. The javelin closely misses Terence.
Terence zaps a wand.
The bolt of light misses you.
The blast of sand hits Terence but does no damage.
Terence zaps a wand.
The bolt of light hits you.
A giant cockroach comes into view.
The blast of sand hits Terence.
Terence is moderately wounded.
Terence zaps a wand.
The bolt of light misses you.
The blast of sand misses the giant cockroach.
The blast of sand hits Terence.
Terence is moderately wounded.
The blast of sand hits the giant cockroach!
You kill the giant cockroach!
An orc comes into view. It is wielding a +0 dagger.
Terence closely misses you.
The blast of sand hits Terence but does no damage.
Terence is moderately wounded.
The orc shouts!
An orc comes into view. It is wielding a +0 falchion.
Terence hits you with a +0 mace.
A goblin comes into view. It is wielding a +0 club.
The blast of sand hits Terence but does no damage.
Terence is moderately wounded.
The goblin shouts!
The orc shouts!
You hear a shout!
Terence zaps a wand.
The bolt of light hits you!
You are confused.
Ouch! That really hurt!
You die...

######### #
#.......# #.#
####.......#####...g
...............(o##
...........@@.....o
#.......#........
#.......#.###..##
#.......#.# ..#
#......†..# # #.#
####.###### ..# #.#
###.# #.# #...#
###.###


You could see Terence, 2 orcs and a goblin.

Vanquished Creatures
  An adder (D:3)
  A dart slug (D:1)
  An orc (D:3)
  2 endoplasms (D:1)
  4 giant cockroaches
  3 goblins
  A hobgoblin (D:1)
  6 quokkas
  2 ball pythons (D:1)
  5 bats
  3 frilled lizards
  4 rats
33 creatures vanquished.

Notes
Turn   | Place    | Note
-------+----------+-------------------------------------------
     0 | D:1      | cheesebisquit the Gargoyle Earth Elementalist began the
                  | quest for the Orb.
     0 | D:1      | Reached XP level 1. HP: 10/10 MP: 3/3
   185 | D:1      | Reached skill level 4 in Earth Magic
   239 | D:1      | Reached XP level 2. HP: 14/15 MP: 0/5
   812 | D:1      | Reached skill level 5 in Earth Magic
   812 | D:1      | Reached XP level 3. HP: 19/19 MP: 2/6
  2600 | D:3      | Found a glowing silver altar of Zin.
  2636 | D:3      | Noticed Terence
  2644 | D:3      | Killed from afar by Terence

Illustrated notes

Levels and vault maps discovered:
D:1:      lightli_arrival_boilingwater, layout_basic
D:2:      layout_loops_ring
D:3:      layout_loops_ring, lemuel_crystal_altar,
          mainiacjoe_overflow_six_doors_small, uniq_terence

Skill      XL: |  1  2 |
---------------+-------+-----
Earth Magic    | 4 5 |  5.5
Dodging        | |  1.5
Stealth        | |  2.1
Spellcasting   | |  2.0
Transmutations | |  0.7

Action                     || total
---------------------------++-------
  Melee: Spear             ||     8
  Throw: Javelin           ||     1
   Cast: Sandblast         ||    52
 Armour: Robe              ||     8
  Dodge: Dodged            ||    19

Table legend: (Time is in decaauts)
 A = Elapsed time spent in this place.
 B = Non-inter-level travel time spent in this place.
 C = Inter-level travel time spent in this place.
 D = Time resting spent in this place.
 E = Time spent auto-exploring this place.
 F = Levels seen in this place.
 G = Mean time per level.
                   A        B        C        D        E       F      G
               +--------+--------+--------+--------+--------+-----+--------+
         Total |   2683 |   2312 |    371 |    226 |   1844 |   3 |  894.3 |
       Dungeon |   2683 |   2312 |    371 |    226 |   1844 |   3 |  894.3 |
               +--------+--------+--------+--------+--------+-----+--------+

Top non-repeatable levels by time:
     D:1: 1380 daAuts
     D:2: 833 daAuts
     D:3: 469 daAuts
